 Dungeon Crawl Stone Soup version 0.25-a0-668-gea548f19b6 (webtiles) character file.

Game seed: 3059508246846649680, levelgen mode: deterministic

25333 Squishygargs the Grappler (level 12, -3/122 HPs)
             Began as a Troll Fighter on Mar 27, 2020.
             Was an Elder of Makhleb.
             Slain by an eight-headed hydra (6 damage)
             ... on level 3 of the Lair of Beasts on Mar 28, 2020.
             The game lasted 00:45:55 (12249 turns).

Squishygargs the Grappler (Troll Fighter)          Turns: 12249, Time: 00:45:56

Health: -3/122     AC: 12    Str: 37    XL:     12   Next: 88%
Magic:  16/16      EV: 10    Int:  4    God:    Makhleb [****..]
Gold:   965        SH: 12    Dex:  9    Spells: 11/11 levels left

rFire    . . .     SeeInvis .     - Unarmed
rCold    . . .     Gourm    +   b - +0 kite shield
rNeg     . . .     Faith    .   q - +0 swamp dragon scales
rPois    +         Spirit   .   (helmet restricted)
rElec    .         Reflect  .   (no cloak)
rCorr    .         Harm     .   (gloves unavailable)
MR       .....                  (boots unavailable)
Stlth    ..........             (no amulet)
HPRegen  0.70/turn              (no ring)
MPRegen  0.15/turn              B - +6 ring of strength

@: no status effects
A: large, unfitting armour, claws 3, fast metabolism 3, gourmand, regeneration
1, shaggy fur 1, tough skin 3
a: Minor Destruction, Lesser Servant of Makhleb, Major Destruction, Renounce
Religion


You were on level 3 of the Lair of Beasts.
You worshipped Makhleb.
Makhleb was greatly pleased with you.
You were very full.

You visited 3 branches of the dungeon, and saw 16 of its levels.

You collected 965 gold pieces.

Inventory:

Hand Weapons
 u - the +7 mace of Wounding {holy, MR+ Int+5, unknown}
   (You found it on level 4 of the Dungeon)

   It has been blessed by the Shining One to cause great damage to the undead
   and demons.
   It affects your intelligence (+5).
   It affects your resistance to hostile enchantments.
Missiles
 f - 475 stones
 L - 21 boomerangs (quivered)
Armour
 b - a +0 kite shield (worn)
 q - +0 swamp dragon scales (worn)
Jewellery
 m - an uncursed ring of see invisible
 w - an uncursed ring of protection from magic
 y - a +3 ring of evasion
 B - a +6 ring of strength (right claw)
 D - a +3 ring of evasion
 R - an uncursed ring of positive energy {unknown}
Wands
 E - a wand of acid (9)
 M - a wand of digging (9)
 O - a wand of iceblast (8)
Scrolls
 e - 9 scrolls of remove curse
 g - 5 scrolls of teleportation
 i - 5 scrolls of amnesia {unknown}
 k - 11 scrolls of identify
 l - 5 scrolls of immolation
 v - 4 scrolls of fog
 x - a scroll of blinking {unknown}
 A - 3 scrolls of magic mapping {unknown}
 C - 4 scrolls of enchant armour {unknown}
 F - a scroll of torment {unknown}
 G - a scroll of fear {unknown}
 H - a scroll of vulnerability {unknown}
 J - 2 scrolls of enchant weapon {unknown}
 P - a scroll of random uselessness {unknown}
 Q - a scroll of silence {unknown}
 S - a scroll of summoning {unknown}
Potions
 c - 3 potions of might
 h - 7 potions of curing {unknown}
 j - 2 potions of ambrosia {unknown}
 n - 4 potions of haste {unknown}
 o - a potion of berserk rage {unknown}
 p - a potion of brilliance {unknown}
 r - 2 potions of resistance {unknown}
 s - 4 potions of stabbing {unknown}
 t - 2 potions of degeneration {unknown}
 z - a potion of lignification {unknown}
 I - a potion of magic {unknown}
 K - a potion of flight {unknown}
 N - 2 potions of invisibility {unknown}
Comestibles
 a - 5 chunks of flesh
 d - 32 rations


   Skills:
 + Level 8.7 Fighting
 + Level 5.7 Armour
 - Level 2.4 Dodging
 - Level 9.5 Shields
 + Level 12.7 Unarmed Combat
 * Level 7.1 Invocations


You had 11 spell levels left.
You didn't know any spells.
Your spell library contained the following spells:

 Spells                   Type           Power        Failure   Level  Hunger
 Corona                   Hex            #......      58%         1    ##.....
 Poisonous Vapours        Pois/Air       #.....       73%         2    ###....
 Slow                     Hex            #.......     73%         2    ###....
 Confusing Touch          Hex            #.......     91%         3    ####...
 Conjure Flame            Conj/Fire      #.......     91%         3    ####...
 Gell's Gravitas          Tloc           #.........   91%         3    ####...
 Inner Flame              Hex/Fire       #.......     91%         3    ####...
 Mephitic Cloud           Conj/Pois/Air  #.......     91%         3    ####...
 Portal Projectile        Hex/Tloc       #.....       91%         3    ####...
 Cause Fear               Hex            #.........   100%        4    #####..
 Leda's Liquefaction      Hex/Erth       #.........   100%        4    #####..
 Petrify                  Tmut/Erth      #.......     100%        4    #####..
 Summon Lightning Spire   Summ/Air       #.......     100%        4    #####..
 Metabolic Englaciation   Hex/Ice        #.........   100%        5    ######.
 Silence                  Hex/Air        #.........   100%        5    ######.
 Yara's Violent Unravell  Hex/Tmut       #.........   100%        5    ######.
 Conjure Ball Lightning   Conj/Air       #.........   100%        6    #######
 Deflect Missiles         Chrm/Air       #.........   100%        6    #######
 Freezing Cloud           Conj/Ice/Air   #.........   100%        6    #######
 Ring of Flames           Chrm/Fire      #.........   100%        7    #######
 Tornado                  Air            #.........   100%        9    #######


Dungeon Overview and Level Annotations

Branches:
Dungeon (11/15)            Temple (1/1) D:7            Lair (4/6) D:11
  Swamp (0/4) Lair:2       Spider (0/4) Lair:2          Orc (0/2) D:10

Altars:
Ashenzari
Cheibriados
Dithmenos
Elyvilon
Fedhas
Gozag
Hepliaklqana
Kikubaaqudgha
Makhleb
Nemelex Xobeh
Okawaru
Qazlal
Ru
Sif Muna
Trog
Uskayaw
Vehumet
Wu Jian
Xom
Yredelemnul
Zin
The Shining One

Shops:
D:4 :

Annotations:
D:7 2 transporters, Zajic's ghost, novice HOFi
D:10 3 runed translucent doors, Zajic's ghost, novice TrBe


Innate Abilities, Weirdness & Mutations

You are too large for most types of armour.
You have claws for hands.
Your metabolism is lightning-fast.
You like to eat raw meat.
Your natural rate of healing is unusually fast.
You are covered in fur. (AC +1)
You have extremely tough skin. (AC +3)


Message History

The eight-headed hydra barely misses you.
The eight-headed hydra completely misses you.
The eight-headed hydra bites you but does no damage.
The eight-headed hydra bites you.
* * * LOW HITPOINT WARNING * * *
The yak gores your smoke demon.
Your smoke demon hits the yak. x2
Your smoke demon barely misses the yak.
Unknown command.
The yak gores your smoke demon but does no damage.
Your smoke demon hits the yak. x2; Your smoke demon barely misses the yak.
You scratch the plant.
The plant is lightly damaged.
The eight-headed hydra bites you!
* * * LOW HITPOINT WARNING * * *
The eight-headed hydra bites you.
* * * LOW HITPOINT WARNING * * *
The eight-headed hydra bites you!
* * * LOW HITPOINT WARNING * * *
The eight-headed hydra bites you.
You die...

.........######....P.....#
.......### #....P.....#
.....P÷.### #######..#.######
......P>..# ### #P.#...#...#
#.........###.# ######.....#
.#........##.####### #.....##
#.............Y3...#### ##.....#
###.....#####.Y.....P.## #.....##
#.....## #.PD@......####..#...
###..#...#####...P......##...###.
........###..#..........÷........
........P...............#....#...
........................##....###
.........#.#.###.......###...##
#....#...##### #....#### ##P##
#....#...# ##.### ### ##.......##
#.##


You could see an eight-headed hydra, 2 yaks and a friendly smoke demon.

Vanquished Creatures
  2 two-headed ogres
  3 death yaks (D:11)
  An unseen horror (D:11)
  5 ugly things
  A gargoyle (D:11)
  7 spiny frogs
  A queen bee (D:9)
  A tyrant leech (Lair:2)
  A polar bear (Lair:3)
  2 hornets
  7 blink frogs
  13 hippogriffs
  A shadow (D:11)
  A wyvern (D:11)
  A wraith (D:10)
  2 hungry ghosts
  21 yaks
  4 swamp worms (Lair:2)
  3 water moccasins
  9 porcupines
  4 orc warriors
  2 sky beasts
  6 black bears
  4 phantoms
  An ice beast (D:11)
  A necrophage (D:5)
  4 ogres
  8 wolves (Lair:3)
  3 centaurs
  6 crocodiles
  2 big kobolds
  12 bullfrogs
  3 scorpions
  A water moccasin zombie (D:7)
  14 killer bees (D:9)
  10 wights (D:8)
  5 electric eels
  3 crimson imps
  2 bullfrog zombies
  2 quasits
  4 hounds
  3 centaur skeletons
  4 jellies
  4 orc priests
  6 orc wizards
  5 iguanas
  2 hell rats (D:11)
  7 worker ants
  2 hound zombies (D:8)
  A hound skeleton (D:6)
  A worker ant zombie (D:11)
  2 river rats (D:11)
  12 adders
  2 shadow imps
  2 oozes (D:3)
  5 worms
  3 dart slugs
  3 leopard geckos
  33 orcs
  9 bats
  15 giant cockroaches
  8 goblins
  11 hobgoblins
  7 jackals
  23 kobolds
  6 quokkas
  11 frilled lizards
  A giant cockroach zombie (D:5)
  A quokka skeleton (D:8)
  14 rats
386 creatures vanquished.

Vanquished Creatures (others)
  A quokka (D:8)
  2 fungi
3 creatures vanquished.

Grand Total: 389 creatures vanquished

Notes
Turn   | Place    | Note
-------+----------+-------------------------------------------
     0 | D:1      | Squishygargs the Troll Fighter began the quest for the Orb.
     0 | D:1      | Reached XP level 1. HP: 22/22 MP: 0/0
   145 | D:1      | Reached XP level 2. HP: 29/29 MP: 1/1
   681 | D:1      | Reached XP level 3. HP: 36/36 MP: 2/2
   826 | D:2      | Reached skill level 3 in Unarmed Combat
  1107 | D:2      | Reached XP level 4. HP: 44/44 MP: 3/3
  1725 | D:3      | Reached skill level 4 in Unarmed Combat
  1725 | D:3      | Reached XP level 5. HP: 46/53 MP: 4/4
  1930 | D:3      | Noticed a moth of wrath
  1933 | D:3      | Found a bloodstained altar of Trog.
  2253 | D:4      | Found Rokun's Book Shop.
  2296 | D:4      | Got an ichor-stained mace
  2878 | D:5      | Entered Level 5 of the Dungeon
  2884 | D:5      | Reached XP level 6. HP: 61/61 MP: 5/5
  2964 | D:5      | Reached skill level 5 in Unarmed Combat
  3242 | D:5      | Reached XP level 7. HP: 64/68 MP: 6/6
  3849 | D:6      | Reached skill level 6 in Unarmed Combat
  3990 | D:6      | Found an opulent altar of Gozag.
  4120 | D:6      | Found a glowing golden altar of the Shining One.
  4120 | D:6      | Found a faded altar of an unknown god.
  4126 | D:6      | Found a sacrificial altar of Ru.
  4128 | D:6      | Found a faded altar of an unknown god.
  4129 | D:6      | Found a sparkling altar of Nemelex Xobeh.
  4231 | D:6      | Found a snail-covered altar of Cheibriados.
  4235 | D:6      | Reached XP level 8. HP: 79/79 MP: 7/7
  4351 | D:6      | Reached skill level 5 in Shields
  4694 | D:7      | Reached skill level 7 in Unarmed Combat
  4700 | D:7      | Noticed a two-headed ogre
  4709 | D:7      | Killed a two-headed ogre
  4709 | D:7      | Reached skill level 5 in Fighting
  4829 | D:7      | Reached skill level 8 in Unarmed Combat
  4829 | D:7      | Reached XP level 9. HP: 88/88 MP: 8/8
  4855 | D:7      | Found a blossoming altar of Fedhas.
  4889 | D:7      | Noticed an angel
  4890 | D:7      | Found a glowing silver altar of Zin.
  4954 | D:7      | Noticed a purple ugly thing
  4967 | D:7      | Killed a purple ugly thing
  5046 | D:7      | Identified the +4 great mace of the Scorpion {protect, rN+}
  5046 | D:7      | Noticed a two-headed ogre
  5047 | D:7      | Noticed Zajic's ghost (novice HOFi)
  5087 | D:7      | Found a transporter.
  5089 | D:7      | Found a transporter.
  5197 | D:7      | Found a staircase to the Ecumenical Temple.
  5255 | D:7      | Reached skill level 9 in Unarmed Combat
  5259 | D:7      | Found an ancient bone altar of Kikubaaqudgha.
  5313 | Temple   | Entered the Ecumenical Temple
  5386 | Temple   | Became a worshipper of Makhleb the Destroyer
  5702 | D:8      | Found a white marble altar of Elyvilon.
  5770 | D:8      | Reached XP level 10. HP: 91/98 MP: 9/9
  5775 | D:8      | Reached * piety under Makhleb
  5845 | D:8      | Found a shadowy altar of Dithmenos.
  6158 | D:8      | Reached skill level 10 in Unarmed Combat
  6354 | D:9      | Found a hide-covered altar of Uskayaw.
  6415 | D:9      | Reached skill level 1 in Invocations
  6448 | D:9      | Reached ** piety under Makhleb
  6742 | D:9      | Noticed a two-headed ogre
  6749 | D:9      | Killed a two-headed ogre
  6793 | D:9      | Noticed a +0 hand axe
  6794 | D:9      | Noticed a +0 dagger
  6938 | D:10     | Entered Level 10 of the Dungeon
  7223 | D:10     | Found a runed translucent gate.
  7223 | D:10     | Found a runed translucent gate.
  7223 | D:10     | Found a runed translucent gate.
  7368 | D:10     | Found a staircase to the Orcish Mines.
  7552 | D:10     | Noticed a purple ugly thing
  7552 | D:10     | Noticed a red ugly thing
  7553 | D:10     | Noticed a brown ugly thing
  7553 | D:10     | Noticed a green ugly thing
  7567 | D:10     | Killed a brown ugly thing
  7567 | D:10     | Reached XP level 11. HP: 85/107 MP: 12/12
  7574 | D:10     | Killed a brown ugly thing
  7584 | D:10     | Killed a brown ugly thing
  7597 | D:10     | Killed a brown ugly thing
  7742 | D:10     | Found a runed translucent gate.
  7742 | D:10     | Found a runed translucent gate.
  7749 | D:10     | Found a runed translucent gate.
  7749 | D:10     | Noticed Zajic's ghost (novice TrBe)
  7954 | D:10     | Noticed a harpy
  8066 | D:11     | Reached skill level 5 in Invocations
  8079 | D:11     | Reached *** piety under Makhleb
  8194 | D:11     | Reached skill level 11 in Unarmed Combat
  8208 | D:11     | Noticed a death yak
  8215 | D:11     | Noticed a death yak
  8229 | D:11     | Noticed a death yak
  8232 | D:11     | Killed a death yak
  8232 | D:11     | Reached skill level 1 in Armour
  8247 | D:11     | Killed a death yak
  8263 | D:11     | Killed a death yak
  8307 | D:11     | Found a staircase to the Lair.
  8818 | D:11     | Killed an unseen horror
  8871 | D:11     | Reached **** piety under Makhleb
  8874 | D:11     | Reached XP level 12. HP: 96/119 MP: 15/15
  9435 | Lair:1   | Entered Level 1 of the Lair of Beasts
  9976 | Lair:1   | Reached skill level 12 in Unarmed Combat
 10692 | Lair:2   | Found a hole to the Spider Nest.
 11026 | Lair:2   | Found a staircase to the Swamp.
 11050 | Lair:2   | Reached skill level 5 in Armour
 12174 | Lair:4   | Noticed an eight-headed hydra
 12249 | Lair:3   | HP: 3/122 [eight-headed hydra (9)]
 12249 | Lair:3   | Slain by an eight-headed hydra

Levels and vault maps discovered:
D:1:      elethiomel_arrival_infinity_welcomes_careful_drivers, layout_rooms,
          minmay_quantized
D:2:      layout_basic, first_ration
D:3:      minmay_roachtagon, layout_basic, tgw_trog
D:4:      layout_loops_ring, serial_shops, nicolae_shop_waterfront
D:5:      layout_loops_corners
D:6:      layout_basic, overflow_temple_1_default,
          chequers_temple_overflow_minitemple, slow_altar_2, serial_bayou_pond_e
D:7:      layout_cave_pools, kiku_gazebo_garden_becter, kennysheep_mini,
          zin_angel, minmay_temple_entry_poolview, gammafunk_ghost_smash
D:8:      layout_basic, old_standard_altar, elyvilon_altar_4
D:9:      layout_loops_ring, dancing_weapons_uskayaw, david_nohive_1
D:10:     layout_basic, orc_0_dummy, ploomutoo_gammafunk_ghost_potion_laboratory
D:11:     layout_stronghold, dpeg_lair_monsters
Temple:   eino_temple_lava
Lair:1:   layout_regular_city, nicolae_quartered_pool_super, minmay_hedge_maze,
          beast_lair_carwin_10
Lair:2:   layout_hall_layers, minmay_swamp_entry_worms, dummy_spider_entry,
          serial_bayou_lagoon_b
Lair:3:   layout_misc_corridors, lemuel_fruit_tree
Lair:4:   statuecave_lemuel, layout_regular_city, grunt_megastairs_4

Skill      XL: |  1  2  3  4  5  6  7  8  9 10 11 12 |
---------------+-------------------------------------+-----
Unarmed Combat | 3 4 5 6 8 9 10 11 12 | 12.7
Fighting       | 3 4 5 6 7 8 |  8.7
Shields        | 3 4 6 7 9 |  9.5
Invocations    | 3 5 7 |  7.1
Armour         | 3 5 |  5.7
Dodging        | |  2.4

Action                   |  1- 3 |  4- 6 |  7- 9 | 10-12 || total
-------------------------+-------+-------+-------+-------++-------
Melee: Unarmed           |   123 |   235 |   292 |   720 ||  1370
Throw: Boomerang         |       |       |       |     2 ||     2
Invok: Minor Destruction |       |       |       |     3 ||     3
       Lesser Servant of |       |       |       |     1 ||     1
       Major Destruction |       |       |       |     1 ||     1
Evoke: Wand              |       |       |       |     1 ||     1
  Use: Scroll            |       |     4 |       |     3 ||     7
       Potion            |       |       |       |     2 ||     2
  Eat: Chunk             |    16 |    19 |    30 |    62 ||   127
Armor: Robe              |    40 |     2 |       |       ||    42
       Swamp dragon scal |       |    82 |    61 |   181 ||   324
Dodge: Dodged            |    35 |    55 |    77 |   214 ||   381
Block: Kite shield       |    61 |    93 |   127 |   384 ||   665

Table legend:
 A = Non-vault XP
 B = Vault XP
 C = Vault XP percentage of total XP
 D = Non-vault monster count
 E = Vault monster count
 F = Vault count percentage of total count
                 A         B        C        D         E       F
            +---------+---------+-------+---------+---------+-------
      Total |   26297 |    9894 |  27.3 |     321 |      65 |  16.8
            +---------+---------+-------+---------+---------+-------
        D:1 |      35 |      10 |  22.2 |      23 |       4 |  14.8
        D:2 |      79 |       0 |   0.0 |      34 |       0 |   0.0
        D:3 |     164 |      31 |  15.9 |      26 |      14 |  35.0
        D:4 |      60 |       0 |   0.0 |       8 |       0 |   0.0
        D:5 |     604 |       0 |   0.0 |      19 |       0 |   0.0
        D:6 |     583 |       4 |   0.7 |      18 |       1 |   5.3
        D:7 |    2819 |       0 |   0.0 |      32 |       0 |   0.0
        D:8 |    2361 |       0 |   0.0 |      36 |       0 |   0.0
        D:9 |    2233 |    1173 |  34.4 |      20 |      15 |  42.9
       D:10 |     593 |    2236 |  79.0 |       7 |       4 |  36.4
       D:11 |    6603 |    2900 |  30.5 |      44 |      11 |  20.0
     Lair:1 |    1009 |    1982 |  66.3 |       9 |       8 |  47.1
     Lair:2 |    3019 |     943 |  23.8 |      13 |       5 |  27.8
     Lair:3 |    4967 |     510 |   9.3 |      26 |       2 |   7.1
     Lair:4 |    1168 |     105 |   8.2 |       6 |       1 |  14.3
            +---------+---------+-------+---------+---------+-------
